 Dungeon Crawl Stone Soup version 0.29-a0-982-gaed3a0c8d8 (webtiles) character file.

Game seed: 8107258400867444842

76 Sobieck the Insei (level 4, -2/24 HPs)
             Began as a Vine Stalker Monk on Aug 1, 2022.
             Slain by a gnoll
             ... wielding a +0 spear
              (7 damage)
             ... on level 3 of the Dungeon.
             The game lasted 00:03:16 (2334 turns).

Sobieck the Insei (Vine Stalker Monk)               Turns: 2334, Time: 00:03:17

Health: -2/24      AC:  5    Str: 15    XL:     4   Next: 32%
Magic:  0/5        EV: 11    Int: 10    God:
Gold:   163        SH:  0    Dex: 17    Spells: 3/3 levels left

rFire   . . .      SeeInvis .     - Unarmed
rCold   . . .      Faith    .   (no shield)
rNeg    . . .      Spirit   +   m - +0 ring mail
rPois   .          Reflect  .   (no helmet)
rElec   .          Harm     .   (no cloak)
rCorr   .          Rampage  .   (no gloves)
Will    .....                   (no boots)
Stlth   ++........              (no amulet)
HPRegen 0.88/turn               (no ring)
MPRegen 0.09/turn               (no ring)

@: no status effects
A: fangs 2, regeneration 1, magic shield, antimagic bite, no potion heal 2
a: no special abilities


You were on level 3 of the Dungeon.
You visited 1 branch of the dungeon, and saw 3 of its levels.

You collected 163 gold pieces.


Innate Abilities, Weirdness & Mutations

You have extremely sharp teeth.
Your natural rate of healing is unusually fast.
When hurt, damage is shared between your health and your magic reserves.
Your bite disrupts and absorbs the magic of your enemies.
Potions cannot restore your health.


   Skills:
 + Level 3.1 Fighting
 + Level 0.4 Armour
 + Level 2.8 Dodging
 + Level 3.2 Stealth
 * Level 3.8 Unarmed Combat


You had 3 spell levels left.
You didn't know any spells.
Your spell library contained the following spells:

 Spells                   Type           Power      Damage    Failure   Level
 Sting                    Tmut/Pois      0%         1d3       58%         1
 Poisonous Vapours        Pois/Air       0%         N/A       75%         2
 Corpse Rot               Necr/Pois/Air  0%         N/A       100%        4
 Olgreb's Toxic Radiance  Pois           0%         N/A       100%        4
 Conjure Ball Lightning   Conj/Air       0%         3x3d6     100%        6
 Discord                  Hex            0%         N/A       100%        8
 Disjunction              Tloc           0%         N/A       100%        8

Inventory:

Missiles
 f - 6 stones (quivered) {throwing}
 i - 6 poisoned darts {throwing}
Armour
 a - a +0 robe
 j - a +0 scale mail
   (You found it on level 1 of the Dungeon)
 l - a +0 leather armour
   (You found it on level 1 of the Dungeon)
 m - a +0 ring mail (worn)
   (You found it on level 1 of the Dungeon)
 o - a +0 leather armour
   (You took it off a goblin on level 2 of the Dungeon)
 y - a +0 leather armour
   (You found it on level 2 of the Dungeon)
 z - a +0 leather armour
   (You found it on level 2 of the Dungeon)
Magical Staves
 g - a staff of air {!astaff}
   (You found it on level 1 of the Dungeon)
Scrolls
 d - a scroll of magic mapping {unknown}
 h - a scroll of blinking {unknown}
 q - a scroll of torment {unknown}
 r - 2 scrolls of summoning {unknown}
 t - a scroll of teleportation {unknown}
 u - a scroll of immolation {unknown}
 w - a scroll of noise {unknown}
 x - 2 scrolls of identify {unknown}
Potions
 b - 2 potions of ambrosia
 c - a potion of degeneration {unknown}
 e - 2 potions of curing {unknown}
 k - 3 potions of brilliance {unknown}
 n - a potion of might {unknown}
 p - a potion of berserk rage {unknown}
 s - a potion of flight {unknown}
 v - a potion of mutation {unknown}

Dungeon Overview and Level Annotations

Branches:
Dungeon (3/15) Zot: 15672

Altars:
Xom

.# ###.# ...#
#..#
#######..#####
#.............
#.#####..#####
#.########.##
##..####
#...gg@K....#
#......##
#?#########.#
#.#.##..# .#
#.#.###.# .#
#.#.##.<. .#
#.#.#.### K#
#..<..# # .#
#####.###
##... ##.#


You could see 2 gnolls and a kobold.


Message History

There is an open door here.
You miss the bat. Your bite misses the bat. The bat closely misses you.
The bat barely misses you. The bat hits you but does no damage.
You closely miss the bat. The bat barely misses you.
The bat hits you but does no damage.
You hit the bat.
You kill the bat!
No target in view!
No target in view!
z - a +0 leather armour
There is an open door here.
You open the door. You open the door. You open the door.
There is an open door here.
You pick up a Young Poisoner's Handbook and begin reading...
You add the spells Sting and Olgreb's Toxic Radiance to your library.
Unknown command.
You open the door.
There is an open door here.
f - 6 stones {throwing} (gained 3)
You now have 130 gold pieces (gained 6).
You open the door.
There is an open door here.
There is an open door here.
There is an open door here.
You open the door.
There is an open door here.
Found a stone staircase leading down.
Unknown command.
There is a stone staircase leading up here.
There is a stone staircase leading down here.
There is a stone staircase leading down here.
There is a stone staircase leading up here.
Key pressed, stopping explore.
You now have 145 gold pieces (gained 15).
A worm comes into view.
Danger!
The helpless worm fails to defend itself.
You hit the worm. The worm completely misses you.
You hit the worm. You bite the worm. You drain its power.
You hit the worm but do no damage. The worm bites you.
You barely miss the worm. You bite the worm. You drain its power.
You feel invigorated.
You hit the worm. You bite the worm. You drain its power.
The worm barely misses you.
You hit the worm.
You kill the worm!
No target in view!
You see here a worm corpse.
Partly explored, can't reach some places.
Partly explored, can't reach some places.
You see here a +0 flail {mace}.
There is a stone staircase leading up here.
There is a stone staircase leading down here.
You climb downwards.
Found a stone staircase leading up.
There is a stone staircase leading up here.
Unknown command.
Unknown command.
x - 2 scrolls labelled JUPISTR VAVEZA (gained 1)
You now have 163 gold pieces (gained 18).
A kobold and 2 gnolls come into view.
The kobold shouts!
The gnoll shouts! x2; You hear a shout!
Danger!
A gnoll comes into view. It is wielding a +0 spear.
The gnoll shouts!
The gnoll hits you from afar with a +0 spear.
The gnoll closely misses you.
You completely miss the gnoll. Your bite misses the gnoll. You hit the gnoll.
Your bite misses the gnoll. The gnoll hits you but does no damage.
The gnoll hits you with a +0 flail!
You are too injured to fight recklessly!
You are too injured to fight recklessly!
You barely miss the gnoll. You bite the gnoll. You drain its power.
You feel invigorated. The gnoll misses you. The gnoll hits you with a +0 flail.
* * * LOW HITPOINT WARNING * * *
The kobold throws a stone.
The stone hits you but does no damage.
You hit the gnoll but do no damage. You punch the gnoll. You bite the gnoll.
You drain its power.
You feel invigorated. The gnoll hits you with a +0 flail.
* * * LOW HITPOINT WARNING * * *
The gnoll closely misses you.
You hit the gnoll.
You kill the gnoll!
The gnoll hits you from afar with a +0 spear.
* * * LOW HITPOINT WARNING * * *
The gnoll completely misses you. The gnoll barely misses you.
You see here a +0 flail {mace}.
You hit the gnoll but do no damage.
The gnoll hits you from afar with a +0 spear.
* * * LOW HITPOINT WARNING * * *
The gnoll hits you with a +0 spear.
* * * LOW HITPOINT WARNING * * *
You hit the gnoll. Your punch misses the gnoll. The gnoll closely misses you.
The kobold hits you with a +0 whip.
* * * LOW HITPOINT WARNING * * *
The gnoll closely misses you.
You barely miss the gnoll.
The gnoll hits you from afar with a +0 spear!
You die...

Skill      XL: |  1  2  3 |
---------------+----------+-----
Stealth        | 3 |  3.2
Fighting       | 3 |  3.1
Armour         | |  0.4
Dodging        | |  2.8
Unarmed Combat | |  3.8

Action                   |  1- 3 |  4- 6 || total
-------------------------+-------+-------++-------
Melee: Unarmed           |   100 |    24 ||   124
       Bite              |    26 |     6 ||    32
       Punch             |     2 |     1 ||     3
Throw: Stone             |     7 |       ||     7
 Stab: Sleeping          |     8 |     2 ||    10
Armor: Robe              |     4 |       ||     4
       Ring mail         |    13 |     7 ||    20
Dodge: Dodged            |    53 |    15 ||    68

Levels and vault maps discovered:
D:1:      roderic_chinese_lattice_arrival, layout_basic
D:2:      minmay_door_path, layout_loops_ring, basic_altar,
          small_statue_intersection
D:3:      layout_loops_ring, dilly_ecumenical_altar_fadedgnrine

Notes
Turn   | Place    | Note
-------+----------+-------------------------------------------
     0 | D:1      | Sobieck the Vine Stalker Monk began the quest for the Orb.
     0 | D:1      | Reached XP level 1. HP: 11/11 MP: 2/2
   165 | D:1      | Reached XP level 2. HP: 15/16 MP: 3/3
   613 | D:1      | Reached XP level 3. HP: 15/19 MP: 2/4
   709 | D:1      | Reached skill level 3 in Stealth
  1135 | D:2      | Reached skill level 3 in Fighting
  1142 | D:2      | Found a shimmering altar of Xom.
  1396 | D:2      | You pick up a book of Chaos and begin reading...
  1396 | D:2      | You add the spells Conjure Ball Lightning, Disjunction and
                  | Discord to your library.
  1706 | D:2      | Gained mutation: Your natural rate of healing is unusually
                  | fast. [Vine Stalker growth]
  1706 | D:2      | Reached XP level 4. HP: 22/24 MP: 5/5
  1905 | D:2      | You pick up a book of Vapours and begin reading...
  1905 | D:2      | You add the spells Poisonous Vapours and Corpse Rot to your
                  | library.
  1987 | D:2      | You add the spells Sting and Olgreb's Toxic Radiance to
                  | your library.
  2330 | D:3      | HP: 5/24 [gnoll/+0 spear (3)]
  2334 | D:3      | Slain by a gnoll

Vanquished Creatures
  An adder (D:2)
  A gnoll (D:3)
  2 worms (D:2)
  3 dart slugs
  An orc (D:2)
  3 ball pythons
  7 endoplasms (D:1)
  2 giant cockroaches (D:1)
  3 goblins
  4 hobgoblins
  4 bats
  9 frilled lizards
  2 kobolds
  3 rats (D:1)
45 creatures vanquished.

Table legend:
 A = Non-vault XP
 B = Vault XP
 C = Vault XP percentage of total XP
 D = Non-vault monster count
 E = Vault monster count
 F = Vault count percentage of total count
                 A         B        C        D         E       F
            +---------+---------+-------+---------+---------+-------
      Total |     106 |       3 |   2.8 |      43 |       2 |   4.4
            +---------+---------+-------+---------+---------+-------
        D:1 |      45 |       0 |   0.0 |      26 |       0 |   0.0
        D:2 |      48 |       3 |   5.9 |      16 |       2 |  11.1
        D:3 |      13 |       0 |   0.0 |       1 |       0 |   0.0
            +---------+---------+-------+---------+---------+-------

Illustrated notes

Table legend:
 A = Kills in this place as a percentage of kills in entire the game.
 B = Kills by you in this place as a percentage of kills by you in the entire game.
 C = Kills by friends in this place as a percentage of kills by friends in the entire game.
 D = Other kills in this place as a percentage of other kills in the entire game.
 E = Experience gained in this place as a percentage of experience gained in the entire game.
 F = Experience gained in this place divided by the number of levels of this place that you have seen.
                   A       B       C       D       E      F
               +-------+-------+-------+-------+-------+----------------------
         Total | 100.0 | 100.0 |   N/A |   N/A | 100.0 |  36.3
       Dungeon | 100.0 | 100.0 |   N/A |   N/A | 100.0 |  36.3
               +-------+-------+-------+-------+-------+----------------------

Table legend: (Time is in decaauts)
 A = Elapsed time spent in this place.
 B = Non-inter-level travel time spent in this place.
 C = Inter-level travel time spent in this place.
 D = Time resting spent in this place.
 E = Time spent auto-exploring this place.
 F = Levels seen in this place.
 G = Mean time per level.
                   A        B        C        D        E       F      G
               +--------+--------+--------+--------+--------+-----+--------+
         Total |   2326 |   2288 |     38 |     69 |   1888 |   3 |  775.3 |
       Dungeon |   2326 |   2288 |     38 |     69 |   1888 |   3 |  775.3 |
               +--------+--------+--------+--------+--------+-----+--------+

Top non-repeatable levels by time:
     D:2: 1201 daAuts
     D:1: 1085 daAuts
     D:3: 39 daAuts
